 Dungeon Crawl Stone Soup version 0.31.0-32-g396128a36d (webtiles) character file.

Game seed: 8523600879577753866

508 spaghetti the Caller (level 7, 0/55 HPs)
             Began as a Naga Summoner on Mar 11, 2024.
             Killed by divine providence
             ... invoked by an orc priest
              (11 damage)
             ... on level 4 of the Dungeon.
             The game lasted 00:05:38 (3518 turns).

spaghetti the Caller (Naga Summoner)                Turns: 3518, Time: 00:05:38

Health: 0/55       AC:  3    Str: 10    XL:     7   Next: 18%
Magic:  0/13       EV:  9    Int: 18    God:
Gold:   183        SH:  0    Dex: 11    Spells: 4/14 levels left

rFire   . . .        g - +1 short sword (venom)
rCold   . . .        (no shield)
rNeg    . . .        a - +0 robe
rPois   +            (no helmet)
rElec   .            (no cloak)
rCorr   .            (no gloves)
SInv    +            (no barding)
Will    .....        f - amulet of regeneration
Stlth   ++           (no ring)
HPRegen 1.09/turn    (no ring)
MPRegen 0.13/turn

%: no passive effects
@: about to teleport, very slightly contaminated, very slow
A: AC +2, large, see invisible, deformed body, poison resistance, slowness 2,
spit poison 1, naga tail 1
a: Spit Poison


You were on level 4 of the Dungeon.
You visited 1 branch of the dungeon, and saw 4 of its levels.

You collected 183 gold pieces.

Inventory:

Hand Weapons
 g - a +1 short sword of venom (weapon)
Armour
 a - a +0 robe (worn)
Magical Staves
 c - a staff of fire
Jewellery
 f - an amulet of regeneration (around neck)
 l - an amulet of reflection
Wands
 s - a wand of flame (21)
Scrolls
 d - a scroll of enchant armour
 h - a scroll of brand weapon
 k - a scroll of enchant weapon
 m - 2 scrolls of blinking
 o - a scroll of vulnerability
 r - a scroll of identify
Potions
 b - a potion of magic
 e - a potion of heal wounds {unknown}
 i - 2 potions of curing {unknown}
 n - a potion of enlightenment {unknown}
 p - 2 potions of invisibility {unknown}
 q - a potion of degeneration {unknown}
 t - 2 potions of attraction {unknown}


   Skills:
 - Level 1.5 Dodging
 - Level 3.0 Stealth
 - Level 4.0 Spellcasting
 + Level 7.5 Summonings


You had 4 spell levels left.
You knew the following spells:

 Your Spells              Type           Power      Damage    Failure   Level
a - Summon Small Mammal   Summ           100%       N/A       1%          1
b - Call Imp              Summ           60%        N/A       1%          2
c - Call Canine Familiar  Summ           30%        N/A       1%          3
d - Summon Blazeheart Go  Fire/Summ      17%        N/A       30%         4

Your spell library contained the following spells:

 Spells                   Type           Power      Damage    Failure   Level
 Slow                     Hex            12%        N/A       14%         1
 Static Discharge         Conj/Air       6%         3-4/arc   22%         2
 Summon Lightning Spire   Summ/Air       17%        N/A       30%         4
 Confusing Touch          Hex            3%         N/A       41%         3
 Sigil of Binding         Hex            3%         N/A       41%         3
 Vampiric Draining        Necr           3%         2d6       41%         3
 Airstrike                Air            1%         2d(1-17)  82%         4


Dungeon Overview and Level Annotations

Branches:
Dungeon (4/15)
 Temple: D:4-7

Altars:
Okawaru

Shops:
D:1 :


Innate Abilities, Weirdness & Mutations

Your serpentine skin is tough. (AC +2)
You have supernaturally acute eyesight. (SInv)
Armour fits poorly on your strangely shaped body.
Your system is resistant to poisons. (rPois)
You cover ground very slowly.
You can spit poison.
You have a snake-like lower body.


Message History

Your inugami hits the orc priest but does no damage.
The orc priest hits your cerulean imp with a +0 club.
Your cerulean imp hits the orc priest with a -2 spear.
The orc priest dies!
You hit the nameless horror.
The nameless horror is lightly damaged.
The orc priest closely misses you.
The nameless horror hits you but does no damage.
Your cerulean imp hits the nameless horror with a -2 spear.
The ball python misses your cerulean imp.
The ball python grabs your cerulean imp.
The ball python constricts your cerulean imp.
Your inugami hits the orc priest.
The orc priest hits your cerulean imp but does no damage.
Send 'em back where they came from!
Your cerulean imp shudders.
Your inugami shudders.
Your cerulean imp hits the ball python with a -2 spear.
The ball python dies!
Your inugami closely misses the orc priest.
The orc priest looks braver for a moment.
Your cerulean imp barely misses the nameless horror.
Your inugami closely misses the orc priest.
The orc priest hits something with a +0 trident.
Your cerulean imp hits the goblin with a -2 spear.
Casting: Summon Blazeheart Golem (quite dangerous; 30% risk of failure)
Confirm with . or Enter, or press ? or * to list all spells.
You miscast Summon Blazeheart Golem.
You are caught in a fiery explosion!
Your cerulean imp disappears in a puff of smoke!
The nameless horror hits you!
You feel your power leaking away.
Unknown command.
Send 'em back where they came from!
Your inugami disappears in a puff of smoke!
Okay, then.
As you read the scroll of teleportation, it crumbles to dust.
You feel strangely unstable. The nameless horror hits you!
* * * LOW HITPOINT WARNING * * *
The orc priest invokes the aid of Beogh against you.
Beogh smites you!
You die...

#.# ######## #.#
###### #.#
#.....# #.#
#.....# #.#
#.....# #.#
#.....# #.###
#.....#
#...#####.....#
###...@Xg.....##
#######o.....#
#......+
#.....##
#...h.†.....
#...........
#...........
#...........
#...........


You could see a nameless horror, an orc priest and a goblin.

Vanquished Creatures
  Eustachio (D:4)
  3 adders
  3 dart slugs
  A ribbon worm (D:3)
  2 bats
  2 endoplasms
  3 giant cockroaches
  A goblin (D:1)
  10 hobgoblins
  6 jackals
  3 kobolds
  A quokka (D:2)
  3 frilled lizards
  5 rats
44 creatures vanquished.

Vanquished Creatures (collateral kills)
  2 orc priests (D:4)
  3 hounds (D:4)
  2 jellies (D:4)
  An iguana (D:4)
  A sleepcap (D:4)
  2 ribbon worms
  A dart slug (D:1)
  3 endoplasms
  2 goblins (D:2)
  2 hobgoblins (D:3)
  A jackal (D:4)
  A quokka (D:1)
  3 ball pythons
  2 bats
  4 kobolds
  3 rats
33 creatures vanquished.

Grand Total: 77 creatures vanquished

Notes
Turn   | Place    | Note
-------+----------+-------------------------------------------
     0 | D:1      | spaghetti the Naga Summoner began the quest for the Orb.
     0 | D:1      | Reached XP level 1. HP: 15/15 MP: 3/3
   167 | D:1      | Reached XP level 2. HP: 22/22 MP: 1/5
   395 | D:1      | Found Wuneac's Book Shop.
   437 | D:1      | Learned a level 2 spell: Call Imp
   683 | D:1      | Reached XP level 3. HP: 25/28 MP: 7/7
   687 | D:1      | Learned a level 3 spell: Call Canine Familiar
   755 | D:1      | Found a faded altar of an unknown god.
   755 | D:1      | Noticed a reaper
  1504 | D:2      | Reached XP level 4. HP: 36/36 MP: 9/9
  2562 | D:3      | Found an iron altar of Okawaru.
  2804 | D:4      | Reached skill level 5 in Summonings
  2804 | D:4      | Reached XP level 5. HP: 42/42 MP: 3/11
  2976 | D:4      | Noticed Eustachio
  2988 | D:4      | Killed Eustachio
  2989 | D:4      | Reached skill level 6 in Summonings
  2989 | D:4      | Reached XP level 6. HP: 35/49 MP: 5/12
  2994 | D:4      | Learned a level 4 spell: Summon Blazeheart Golem
  3411 | D:4      | Reached skill level 7 in Summonings
  3434 | D:4      | Reached XP level 7. HP: 47/55 MP: 8/13
  3510 | D:4      | Noticed a nameless horror
  3518 | D:4      | Killed from afar by an orc priest

Illustrated notes

Levels and vault maps discovered:
D:1:      amcnicky_arrival_wind_blow, layout_basic,
          dreamdust_ecumenical_altar_sealed_demon, serial_shops, shop
D:2:      layout_loops_cross, minmay_misc_feat_ornament, minmay_fountain_box
D:3:      layout_basic, okawaru_gym_becter
D:4:      minmay_razor_zed, layout_basic, kennysheep_generic_room_6,
          uniq_eustachio

Skill      XL: |  1  2  3  4  5  6 |
---------------+-------------------+-----
Spellcasting   | 3 4 |  4.0
Summonings     | 5 6 7 |  7.5
Dodging        | |  1.5
Stealth        | |  3.0

Action                     |  1- 3 |  4- 6 |  7- 9 || total
---------------------------+-------+-------+-------++-------
  Melee: Staff             |    11 |       |       ||    11
         Short sword       |    50 |    90 |     4 ||   144
         Punch             |     2 |     2 |       ||     4
   Cast: Summon Small Mamm |    17 |     7 |       ||    24
         Call Imp          |    11 |    20 |     1 ||    32
         Call Canine Famil |     5 |    20 |     1 ||    26
Ability: Spit Poison       |    15 |     1 |       ||    16
    Use: Scroll            |     2 |     4 |     1 ||     7
   Stab: Sleeping          |       |     1 |       ||     1
         Distracted        |       |     1 |       ||     1
 Armour: Robe              |    51 |    84 |     7 ||   142
  Dodge: Dodged            |    29 |    51 |     3 ||    83
